 Dungeon Crawl Stone Soup version 0.18.1-2-ga659475 (webtiles) character file.

5257 puppykicker the Grappler (level 10, 0/102 HPs)
             Began as a Troll Monk on May 9, 2016.
             Was a Priest of Yredelemnul.
             Slain by a wight
             ... wielding a cursed +3 halberd
              (11 damage)
             ... on level 10 of the Dungeon.
             The game lasted 00:19:04 (7262 turns).

puppykicker the Grappler (Troll Monk)               Turns: 7262, Time: 00:19:04

Health: 0/102      AC:  6    Str: 21    XL:     10   Next: 36%
Magic:  11/11      EV:  4    Int:  6    God:    Yredelemnul [***...]
Gold:   150        SH:  0    Dex: 15    Spells: 0 memorised, 9 levels left

rFire  . . .     SeeInvis .       - Unarmed
rCold  + . .     Gourm    +     B - +1 robe {MR+}
rNeg   . . .     Faith    .     (no shield)
rPois  .         Spirit   .     (helmet restricted)
rElec  .         Dismiss  .     E - +0 cloak
rCorr  .         Reflect  .     (gloves unavailable)
SustAt .         Harm     .     (boots unavailable)
MR     +....                    (no amulet)
Stlth  +.........               G - ring of protection from cold
                                c - +5 ring of slaying

@: heavily drained, somewhat resistant to hostile enchantments, very unstealthy
A: unfitting armour, claws 3, talons 1, blurry vision 1, deformed body, fast
metabolism 3, gourmand, low mp 1, regeneration 2, shaggy fur 1, tough skin 2,
MP-powered wands
a: Recall Undead Slaves, Injury Mirror, Animate Dead, Renounce Religion


You were on level 10 of the Dungeon.
You worshipped Yredelemnul.
Yredelemnul was most pleased with you.
You were very full.

You visited 1 branch of the dungeon, and saw 10 of its levels.
You also visited: Ossuary.

You collected 371 gold pieces.
You spent 221 gold pieces at shops.


Innate Abilities, Weirdness & Mutations

You are too large for most types of armour.
You have claws for hands.
Your metabolism is lightning-fast.
You like to eat raw meat.
You heal very quickly.
You are covered in fur (AC +1).
You have very tough skin (AC +2).
You have sharp toenails.
Scrolls take you a little longer to read.
Armour fits poorly on your strangely shaped body.
Your magical capacity is low (-10% MP).
You expend magic power (3 MP) to strengthen your wands.


   Skills:
 + Level 7.2(5.5) Fighting
 - Level 2.4(0.9) Dodging
 - Level 1.1(0.0) Stealth
 * Level 12.2(10.2) Unarmed Combat
 + Level 5.2(3.6) Invocations


You had 9 spell levels left.
You didn't know any spells.

Inventory:

Hand Weapons
 a - a +0 blowgun
Missiles
 g - 44 poisoned needles
 I - a throwing net (quivered)
Armour
 B - a +1 robe of magic resistance (worn)
 E - a +0 cloak (worn)
Jewellery
 c - a +5 ring of slaying (left claw)
 G - a ring of protection from cold (right claw)
Wands
 y - a wand of enslavement (6/24)
 M - a wand of flame (9/48)
Scrolls
 f - a scroll of noise {unknown}
 h - 2 scrolls of immolation {!r}
 i - 9 scrolls of remove curse
 n - 5 scrolls of enchant weapon
 r - a scroll of recharging {unknown}
 s - a scroll of amnesia
 w - 8 scrolls of teleportation
 x - a scroll of blinking {unknown}
 C - a scroll of fog {unknown}
 F - a scroll of summoning {unknown}
 H - a scroll of vulnerability {unknown}
 J - a scroll of magic mapping {unknown}
 K - a scroll of silence {unknown}
 O - a scroll of holy word {unknown}
 P - a scroll of fear {unknown}
Potions
 d - 6 potions of agility
 e - 3 potions of heal wounds
 j - a potion of magic
 k - 2 potions of berserk rage
 p - 4 potions of curing
 q - 2 potions of lignification {!q}
 u - a potion of resistance {unknown}
 v - 2 potions of ambrosia
 A - a potion of mutation {!q}
 D - a potion of haste
 N - a potion of flight
Books
 t - a Necronomicon
Comestibles
 b - 6 bread rations
 l - a slice of pizza
 m - 3 royal jellies
 o - 4 meat rations
 z - 5 beef jerkies
 L - 32 fruits

Dungeon Overview and Level Annotations

Branches:
Dungeon (10/15)            Temple (0/1) D:5            Lair (0/8) D:10
    Orc: D:9-12

Altars:
Cheibriados
Dithmenos
Elyvilon
Kikubaaqudgha
Makhleb
Okawaru
Pakellas
Ru
Sif Muna
Trog
Xom
Yredelemnul

Shops:
D:4 }   D:6 ?

Annotations:
D:5 need disint
D:8 disint

#...z.... #.#
##...oz.. #.#
##..รท..# #.#
##...## #.# ##'##
#.# ### #.#
##.#######.####.###
#......##.os..Y....
#.@# #.###o###...##
#..# #.# #z##.....#
#.z# #.# #.###...##
#.o###.###o# ##.##
#..z.o)z[o.# ###
#.####.#####
#.####.# #......#
########


You could see 2 wights and an orc wizard.


Message History

You kill the scorpion!
Yredelemnul accepts your kill. The orc priest hits you.
* * * LOW HITPOINT WARNING * * *
The wight hits you from afar with an enchanted halberd.
* * * LOW HITPOINT WARNING * * *
Items here: )) [[ a dagger of venom; a robe; an enchanted dire flail; a robe You mangle the orc priest!!
You kill the orc priest!
Yredelemnul accepts your kill.
The wight hits you with an enchanted halberd!
* * * LOW HITPOINT WARNING * * *
You feel drained.
* * * LOW HITPOINT WARNING * * *
Things that are here:
a leather armour; an orc corpse The wight hits you from afar with an enchanted halberd.
* * * LOW HITPOINT WARNING * * *
You feel drained.
* * * LOW HITPOINT WARNING * * *
Items here: )) [[ a dagger of venom; a robe; an enchanted dire flail; a robe
Things that are here:
a spear of freezing; a robe An orc comes into view.
It is wielding a flail.
There is a stone staircase leading up here.
The wight hits you from afar with an enchanted halberd!
You die...
Your body rises from the dead as a mindless zombie.

Action                   |  1- 3 |  4- 6 |  7- 9 | 10-12 || total
-------------------------+-------+-------+-------+-------++-------
Melee: Unarmed           |    74 |    78 |   226 |    74 ||   452
       Punch             |       |     1 |    10 |     4 ||    15
       Kick              |       |       |       |    13 ||    13
Invok: Animate Remains   |       |     1 |     9 |       ||    10
       Recall Undead Sla |       |       |     1 |       ||     1
       Animate Dead      |       |       |     2 |     1 ||     3
  Use: Scroll            |       |     3 |     9 |     5 ||    17
       Potion            |       |       |       |     2 ||     2
 Stab: Sleeping          |     4 |     3 |     5 |       ||    12
       Distracted        |     1 |       |       |     1 ||     2
  Eat: Chunk             |    21 |    12 |    31 |    13 ||    77
Armor: Robe              |    23 |    39 |    62 |    21 ||   145
Dodge: Dodged            |    31 |    52 |    92 |    30 ||   205

Vault maps used:
D:1:      dpeg_arrival_morbid_curiosity
D:2:      marbit_many_paths, elyvilon_altar_3
D:3:      lemuel_zombie_altar_yredelemnul, nicolae_overflow_hidden_temple,
          grunt_ministairs_2
D:4:      black_bear_nest_2, serial_shops, kennysheep_mini,
          hangedman_decor_opposing, cheibriados_altar_1, uniq_eustachio
D:5:      minmay_temple_entry_statues_fountains, nicolae_ossuary_entry_monument,
          first_bread, serial_glass, glass_columns_b, glass_columns_a,
          glass_columns_a, glass_columns_a, due_unseen_surprise,
          feat_on_display, item_on_display_a, uniq_sigmund, uniq_blork_the_orc
D:6:      okawaru_trees_2, serial_shops, nicolae_shop_crystal
D:7:      xom_confusion_cloud, minmay_ruffians, uniq_pikel
D:8:      nicolae_ru_path_of_blood, trog_ov_bears_minmay, serial_glass,
          glass_columns_a, glass_columns_b, item_on_display_a,
          item_on_display_a, uniq_prince_ribbit1
D:9:      kennysheep_mini_moat, blue_anna_alchemist,
          nrook_guardian_serpent_double
D:10:     dpeg_lair_monsters, orc_david_3
Ossuary:  ossuary_tomb_2

Notes
Turn   | Place    | Note
--------------------------------------------------------------
     0 | D:1      | puppykicker the Troll Monk began the quest for the Orb.
     0 | D:1      | Reached XP level 1. HP: 22/22 MP: 0/0
   398 | D:1      | Reached XP level 2. HP: 29/29 MP: 1/1
  1007 | D:2      | Found a white marble altar of Elyvilon.
  1012 | D:2      | Reached XP level 3. HP: 36/36 MP: 2/2
  1309 | D:2      | Reached skill level 5 in Unarmed Combat
  1612 | D:2      | Found a burning altar of Makhleb.
  1752 | D:3      | Reached XP level 4. HP: 44/44 MP: 3/3
  1824 | D:3      | Found an ancient bone altar of Kikubaaqudgha.
  1824 | D:3      | Found a shadowy altar of Dithmenos.
  1825 | D:3      | Found a deep blue altar of Sif Muna.
  1972 | D:3      | Reached skill level 3 in Fighting
  2229 | D:3      | Reached XP level 5. HP: 51/53 MP: 4/4
  2231 | D:3      | Found a basalt altar of Yredelemnul.
  2432 | D:3      | Became a worshipper of Yredelemnul the Dark
  2432 | D:3      | Reached * piety under Yredelemnul
  2432 | D:3      | Reached ** piety under Yredelemnul
  2511 | D:4      | Noticed Eustachio
  2532 | D:4      | Killed Eustachio
  2532 | D:4      | Reached skill level 6 in Unarmed Combat
  2532 | D:4      | Reached XP level 6. HP: 23/62 MP: 5/5
  2799 | D:4      | Found Vowaosem's Gadget Shoppe.
  2902 | D:4      | Bought a wand of enslavement (6/24) for 96 gold pieces
  2929 | D:4      | Found a snail-covered altar of Cheibriados.
  3084 | D:4      | Reached skill level 4 in Fighting
  3084 | D:4      | Reached skill level 7 in Unarmed Combat
  3091 | D:4      | Reached XP level 7. HP: 42/70 MP: 6/6
  3183 | D:5      | Entered Level 5 of the Dungeon
  3200 | D:5      | Noticed Sigmund
  3226 | D:5      | Killed Sigmund
  3231 | D:5      | Reached skill level 8 in Unarmed Combat
  3285 | D:5      | Found a sand-covered staircase.
  3291 | D:5      | Noticed Blork the orc
  3294 | Ossuary  | Entered an ossuary
  3462 | D:5      | Killed Blork the orc
  3462 | D:5      | Reached skill level 5 in Fighting
  3462 | D:5      | Reached XP level 8. HP: 66/80 MP: 7/7
  3548 | D:5      | Reached skill level 9 in Unarmed Combat
  3718 | D:5      | Found a staircase to the Ecumenical Temple.
  4010 | D:6      | Found Watik's Magic Scroll Boutique.
  4018 | D:6      | Bought a scroll of immolation for 35 gold pieces
  4018 | D:6      | Bought a scroll of identify for 20 gold pieces
  4018 | D:6      | Bought a scroll of identify for 20 gold pieces
  4018 | D:6      | Bought a scroll of identify for 20 gold pieces
  4018 | D:6      | Bought a scroll of teleportation for 30 gold pieces
  4032 | D:6      | Found an iron altar of Okawaru.
  4648 | D:6      | Reached skill level 1 in Invocations
  4806 | D:7      | Noticed Pikel
  4819 | D:7      | Killed Pikel
  4819 | D:7      | Reached skill level 10 in Unarmed Combat
  4819 | D:7      | Reached skill level 2 in Invocations
  4895 | D:7      | Found a shimmering altar of Xom.
  4906 | D:7      | Reached XP level 9. HP: 89/89 MP: 9/9
  5164 | D:7      | Reached skill level 6 in Fighting
  5202 | D:7      | Reached *** piety under Yredelemnul
  5202 | D:7      | Reached skill level 3 in Invocations
  5438 | D:8      | Found a bloodstained altar of Trog.
  5526 | D:8      | Noticed gramatan's ghost (novice HOGl)
  5530 | D:8      | Reached skill level 11 in Unarmed Combat
  5541 | D:8      | Killed gramatan's ghost
  5541 | D:8      | Reached skill level 4 in Invocations
  5694 | D:8      | Found a sacrificial altar of Ru.
  6115 | D:8      | Noticed Prince Ribbit
  6122 | D:8      | Killed Prince Ribbit
  6359 | D:9      | Reached XP level 10. HP: 82/100 MP: 12/12
  6391 | D:9      | Noticed a guardian serpent
  6397 | D:9      | Killed a guardian serpent
  6397 | D:9      | Reached skill level 7 in Fighting
  6401 | D:9      | Gained mutation: Scrolls take you a little longer to read. [mutagenic meat]
  6402 | D:9      | Gained mutation: You expend magic power (3 MP) to strengthen your wands. [mutagenic meat]
  6404 | D:9      | Gained mutation: Armour fits poorly on your strangely shaped body. [mutagenic meat]
  6405 | D:9      | Gained mutation: Your magical capacity is low (-10% MP). [mutagenic meat]
  6406 | D:9      | Gained mutation: You have sharp toenails. [mutagenic meat]
  6675 | D:9      | Reached skill level 12 in Unarmed Combat
  6699 | D:9      | Found an oddly glowing altar of Pakellas.
  7131 | D:10     | Entered Level 10 of the Dungeon
  7196 | D:10     | Found a staircase to the Lair.
  7199 | D:10     | Reached skill level 5 in Invocations
  7252 | D:10     | HP: 10/102 [wight/enchanted halberd (2)]
  7262 | D:10     | Slain by a wight

Vanquished Creatures
  The ghost of gramatan the Slinger, a novice HOGl of Ru (D:8)
  Pikel (D:7)
  A guardian serpent (D:9)
  Prince Ribbit (D:8)
  Sigmund (D:5)
  A yak (D:10)
  A wyvern (D:9)
  4 humans (D:7)
  Eustachio (D:4)
  2 orc warriors
  2 black bears
  A sky beast (D:9)
  3 phantoms
  An ogre (D:5)
  Blork the orc (D:5)
  A big kobold (D:9)
  A giant frog (D:9)
  A gnoll sergeant (D:7)
  A wyvern zombie (D:8)
  3 water moccasin zombies (Ossuary)
  2 scorpions
  3 killer bees (D:9)
  3 wights (D:10)
  A howler monkey (D:10)
  A jelly (D:6)
  3 crimson imps
  A quasit (D:9)
  2 hounds
  5 orc wizards
  A centaur skeleton (D:8)
  5 orc priests
  A giant frog skeleton (D:6)
  An iguana (D:10)
  4 worker ants
  2 hell rats (D:10)
  A hound zombie (D:10)
  2 mummies (Ossuary)
  6 gnolls
  8 adders
  A shadow imp (D:7)
  3 oozes
  An adder skeleton (D:6)
  5 adder zombies (Ossuary)
  2 worms
  3 dart slugs
  4 giant geckos
  21 orcs
  5 bats
  3 giant cockroaches
  5 gnoll zombies
  9 goblins
  12 hobgoblins
  6 jackals
  4 quokkas
  A ball python (D:4)
  A giant cockroach zombie (D:6)
  6 giant newts
  3 hobgoblin zombies (Ossuary)
  7 kobolds
  8 kobold zombies (Ossuary)
  4 orc zombies (Ossuary)
  5 rats
200 creatures vanquished.

Vanquished Creatures (collateral kills)
  A black bear (D:8)
  2 gnolls (D:7)
  A shadow imp (D:8)
  A giant cockroach (D:7)
5 creatures vanquished.

Vanquished Creatures (others)
  3 slaves (D:7)
  An ogre (D:7)
  2 giant frogs (D:7)
  A jackal (D:7)
  A quokka (D:7)
8 creatures vanquished.

Grand Total: 213 creatures vanquished
